[Event "Slovakian ECo-C Extraliga 2024-25"]
[Site "Slovakia"]
[Date "2025.01.19"]
[Round "4.7"]
[White "Kusiak, Matej"]
[Black "Garban, Mario"]
[Result "1/2-1/2"]
[Annotator "TA"]
[ECO "B07"]
[WhiteElo "2227"]
[BlackElo "2173"]
[PlyCount "132"]
[EventDate "2024.09.12"]
[EventType "team-tourn"]
[EventCountry "SVK"]
[SourceTitle "playchess.com"]
[Source "ChessBase"]
[SourceQuality "1"]
[TimeControl "5400+30"]

1. e4 d6 2. d4 Nf6 3. Nc3 e5 4. dxe5 dxe5 5. Qxd8+ Kxd8 6. Nf3 Bd6 7. Bc4 Ke7 {[%emt 0:01:32] B07: Pirc Defence: Miscellaneous Systems.} 8. Nh4 $146 (8. O-O h6 9. Nd5+ Nxd5 10. Bxd5 Nd7 {½-½ Guo,A (2445)-Kamsky,G (2659) Dortmund Sparkassen op 50th 2023 (9)}) 8... c6 9. Nf5+ Bxf5 10. exf5 Nbd7 11. Bg5 Bb4 12. O-O-O Bxc3 13. bxc3 {[%emt 0:00:02] A sharp opening} Rhe8 {[%emt 0:00:56] [#]} 14. Rxd7+ Kxd7 $11 15. Bxf7 Re7 16. Rd1+ Kc7 17. Be6 Rae8 18. Re1 Rxe6 (18... h6 {looks sharper.} 19. Bh4 Rxe6 20. fxe6 Kd6) 19. fxe6 Rxe6 {[%emt 0:00:29][%mdl 4096] Endgame KRB-KRN} 20. c4 Kd7 21. Be3 b6 22. h3 Kc7 (22... c5 $5) 23. f3 Re8 24. Bd2 Kd6 25. Bb4+ Ke6 26. g4 Kf7 27. Bc3 Nd7 28. Kd2 g5 29. Ke3 b5 30. cxb5 cxb5 31. Rd1 Nb6 32. Ke4 Rc8 33. Bxe5 Rxc2 34. Rb1 a6 35. Rb2 Rc4+ 36. Bd4 Na4 37. Rh2 Nc5+ 38. Kd5 Ne6 39. Be5 Nf4+ 40. Kd6 Ng6 41. Rd2 h6 42. Bd4 b4 43. Kd5 Rc1 44. Rb2 Nf4+ 45. Ke4 Re1+ (45... Nxh3 $6 46. Rxb4 Re1+ 47. Kf5 $16) 46. Be3 $1 a5 (46... Nxh3 47. Rxb4 Nf4 48. Rb7+ Kg6 49. Rb6+ Kf7 50. Rb7+ (50. Rxa6 Ng2 $11) 50... Ke6 51. Kd4) 47. h4 Nd5 48. Kxd5 Rxe3 49. hxg5 hxg5 {[%emt 0:00:05] KR-KR} 50. Rf2 Kf6 51. Kd4 Ra3 52. Ke4 Rc3 53. Kd4 Ke6 54. Re2+ Kd6 55. Ke4 Kc6 56. f4 Rc4+ 57. Kf5 Rc5+ ({Don't play} 57... Rxf4+ 58. Kxg5 Rf8 59. Kh6 $16) 58. Ke4 Kd6 59. Rd2+ Ke6 {[%emt 0:00:20] [#]} 60. f5+ Ke7 (60... Kf6 $11) 61. Kd4 (61. Rd5 $1 $14 Rc3 62. Rxa5) 61... Rc3 {[%emt 0:00:22] The position is equal.} 62. Ke5 Re3+ 63. Kd4 Rg3 64. Ke5 Re3+ 65. Kd4 Rg3 {[%emt 0:00:43][%cal Oe7f6] And now ...Kf6! would win.} 66. Ke5 {[%emt 0:01:16] f6+ is the strong threat.} Re3+ {Weighted Error Value: White=0.05 (flawless) /Black=0.05 (flawless)   Mistake:       	White=2     	Black=1      Inaccurate:     	---       	Black=1      OK:         	White=31    	Black=19     Best:        	White=2     	Black=3      Strong:       	White=1     	---} 1/2-1/2

[Event "Slovakian ECo-C Extraliga 2024-25"]
[Site "Slovakia"]
[Date "2025.01.19"]
[Round "4.7"]
[White "Petran, Peter"]
[Black "Rucek, Kristian"]
[Result "1-0"]
[Annotator "TA"]
[ECO "D34"]
[WhiteElo "2165"]
[BlackElo "2172"]
[PlyCount "83"]
[EventDate "2024.09.12"]
[EventType "team-tourn"]
[EventCountry "SVK"]
[SourceTitle "playchess.com"]
[Source "ChessBase"]
[SourceQuality "1"]
[TimeControl "5400+30"]

1. g3 d5 2. Nf3 c5 3. c4 e6 4. cxd5 exd5 5. Bg2 Nc6 6. O-O Nf6 7. d4 Be7 8. Nc3 O-O 9. b3 Ne4 10. Bb2 Bf6 11. e3 Bg4 12. Ne2 Qa5 13. Re1 Rac8 14. Ne5 Bxe2 {[%emt 0:21:49] The position is equal.} 15. Rxe2 {[%emt 0:03:36] Black must now prevent Nd7.} Rfe8 {[%emt 0:01:16] [#]} (15... Bxe5 $11 16. dxe5 Rfd8) 16. Nd7 (16. Bxe4 $1 $16 dxe4 17. Nc4) 16... cxd4 $14 17. Nxf6+ gxf6 ({Better is} 17... Nxf6 $14 18. Bxd4 (18. exd4 Rxe2 19. Qxe2 h5 $11) 18... Nxd4 19. Qxd4 Ne4) 18. Bxd4 ({White should try} 18. Rc2 $16) 18... Nxd4 19. Qxd4 Qc3 20. Qxc3 Rxc3 21. Rd1 Rec8 22. Bxe4 (22. Rxd5 $2 Rc1+ 23. Bf1 Nc3 $19) 22... dxe4 $16 {[%emt 0:00:04][%mdl 4096] Endgame. KRR-KRR} 23. g4 Rc1 24. Rxc1 Rxc1+ {[%emt 0:00:03] KR-KR} 25. Kg2 Kg7 {[%emt 0:01:43][%cal Of6f5] White stays focused until the end.} 26. Rd2 a6 27. Rd4 Ra1 (27... Rc2 $16) 28. a4 $18 (28. Rxe4 Rxa2 29. Re7 b5 $11) 28... a5 (28... Rc1 {was called for.} 29. Rb4 (29. Rxe4 Rc5 $18) 29... Rc7) 29. Rd5 (29. Rxe4 Ra3 $11) 29... b6 30. Rb5 Rb1 31. Rxb6 Rb2 32. Rb5 Kg6 33. Kg3 (33. Rxa5 Rxb3 34. Rb5 Ra3 $18) 33... h6 (33... Kh6 $142 34. Kf4 (34. Rxa5 Rxb3 35. Rb5 Ra3 $18) 34... Rxf2+ 35. Kxe4 Rb2) 34. h4 Kh7 35. h5 Kg7 36. Rb6 Rc2 37. Rb5 Rb2 38. Kf4 {[%emt 0:02:10] White is clearly winning.} Rxf2+ 39. Kxe4 Rg2 (39... Rb2 $142 40. Kd5 (40. Rxa5 Rxb3 41. Rb5 Ra3 $18) 40... Kh7) 40. Rxa5 Rxg4+ 41. Kd3 Kf8 42. Rb5 {[%emt 0:00:00] Weighted Error Value: White=0.23 (precise) /Black=0.43.  Mistake:       	White=2     	Black=6      Inaccurate:     	White=1     	Black=4      OK:         	White=12    	Black=2      Best:        	White=5     	Black=2} 1-0

[Event "Slovakian ECo-C Extraliga 2024-25"]
[Site "Slovakia"]
[Date "2025.01.19"]
[Round "4.7"]
[White "Szegi, Tamas"]
[Black "Csonka, Attila Istvan"]
[Result "1/2-1/2"]
[Annotator "TA"]
[ECO "B22"]
[WhiteElo "2118"]
[BlackElo "2281"]
[PlyCount "31"]
[EventDate "2024.09.12"]
[EventType "team-tourn"]
[EventCountry "SVK"]
[SourceTitle "playchess.com"]
[Source "ChessBase"]
[SourceQuality "1"]
[TimeControl "5400+30"]

1. e4 c5 2. c3 Nf6 3. e5 Nd5 4. d4 cxd4 5. Nf3 e6 6. cxd4 d6 7. Nc3 Nxc3 8. bxc3 Qc7 9. Bd2 Bd7 10. Bd3 {[%emt 0:01:13] B22: Sicilian: 2 c3.} Bc6 11. O-O Nd7 12. Bf4 {[%emt 0:04:29] The position is equal.} dxe5 13. Nxe5 {[%emt 0:00:57][%cal Oe5g6] [#] and Ng6! would now be decisive} Bd6 14. Qe2 $146 (14. Re1 Nxe5 15. Bxe5 O-O-O 16. a4 Kb8 17. Qb3 Bxe5 18. Rxe5 Rd5 19. Rxd5 Bxd5 20. c4 {½-½ Glavina,P (2400)-Komljenovic,D (2465) Ceuta 1995 (7)}) 14... Nxe5 15. Bxe5 Bxe5 16. dxe5 {[%emt 0:01:14] White got outplayed after the opening.   Weighted Error Value: White=0.20 (precise) /Black=0.02 (flawless)   Inaccurate:     	White=2     	---        OK:         	White=1     	Black=4      Best:        	---       	Black=1} 1/2-1/2

[Event "Slovakian ECo-C Extraliga 2024-25"]
[Site "Slovakia"]
[Date "2025.01.19"]
[Round "4.7"]
[White "Benci, Jozef"]
[Black "Skreko, Igor"]
[Result "0-1"]
[Annotator "TA"]
[ECO "E62"]
[WhiteElo "1954"]
[BlackElo "2242"]
[PlyCount "80"]
[EventDate "2024.09.12"]
[EventType "team-tourn"]
[EventCountry "SVK"]
[SourceTitle "playchess.com"]
[Source "ChessBase"]
[SourceQuality "1"]
[TimeControl "5400+30"]

1. Nf3 Nf6 2. c4 g6 3. g3 Bg7 4. Bg2 O-O 5. O-O d6 6. d4 Nc6 7. Nc3 Bf5 8. b3 e5 9. dxe5 ({White should play} 9. d5 $14) 9... dxe5 $11 10. Bb2 Qc8 11. Qc1 Rd8 12. Rd1 Qe6 {[%emt 0:04:30] [#] Inhibits Nd5.} 13. Nd5 $1 Rd7 (13... Rac8 14. Ng5) 14. Ng5 Qe8 15. Nxf6+ Bxf6 16. Ne4 Bxe4 17. Bxe4 Rad8 18. Rxd7 Qxd7 19. Bc3 Nd4 20. Qe3 (20. Bxb7 $2 Nxe2+ 21. Kg2 Nxc1 $19) 20... Qg4 21. Bf3 (21. Bxb7 $2 Nc2 (21... Nxe2+ 22. Kf1 $11) 22. h3 Qxh3 $19) 21... Nxf3+ 22. exf3 Qf5 23. Qe4 Rd3 24. Qxf5 (24. Bb4 $11 {should be considered.}) 24... gxf5 {[%emt 0:00:07][%mdl 4096] Endgame KRB-KRB} 25. Bb2 {[%emt 0:00:43] [#]} Rd2 $1 ({Don't play} 25... Rxf3 $6 26. Re1 $14) 26. Rb1 Kg7 27. a4 e4 28. Bxf6+ Kxf6 29. fxe4 fxe4 $17 {[%emt 0:00:02] KR-KR} 30. Kf1 Ke5 {[%emt 0:00:32] Black is more active.} 31. Ke1 $2 (31. h4 $17) 31... Rd3 $2 (31... e3 $1 $19 32. fxe3 Rxh2) 32. Ke2 Kd4 33. Rb2 $2 (33. g4 $17) 33... Kc3 $19 34. Rb1 Kc2 35. Re1 Rxb3 {[%emt 0:00:40] White must now prevent ...a5.} (35... Kxb3 36. Rb1+ Kxa4 (36... Kxc4 37. Rxb7 Rd7 38. Rxa7 $16) 37. Rxb7 $14) 36. Kf1 $2 (36. f4) 36... Rb1 37. Rxb1 Kxb1 38. Ke2 Kc2 39. Ke3 Kb3 40. Kxe4 Kxa4 0-1

[Event "Slovakian ECo-C Extraliga 2024-25"]
[Site "Slovakia"]
[Date "2025.01.19"]
[Round "4.8"]
[White "Rachela, Milan"]
[Black "Sarkozi, Szabolcs"]
[Result "1-0"]
[Annotator "TA"]
[ECO "A04"]
[WhiteElo "2318"]
[BlackElo "2104"]
[PlyCount "55"]
[EventDate "2024.09.12"]
[EventType "team-tourn"]
[EventCountry "SVK"]
[SourceTitle "playchess.com"]
[Source "ChessBase"]
[SourceQuality "1"]
[TimeControl "5400+30"]

1. Nf3 f5 2. d3 d6 3. g3 Nf6 4. Bg2 e5 5. c3 Be7 6. O-O {[%emt 0:01:56] A04: Unusual lines after 1 Nf3 and King's Indian Attack.} O-O 7. Nbd2 Kh8 8. Nc4 $146 {[%emt 0:08:22][%cal Oe2e4] The position is equal.} (8. Qb3 Nc6 9. a4 Qe8 10. Qa2 Qh5 11. Ne1 f4 12. Nef3 d5 13. e4 dxe4 14. dxe4 fxg3 15. fxg3 {0-1 Nuristani,A (1802)-Weber,E (2033) Berlin Lieb Memorial 5th 2019 (2)}) 8... Qe8 9. Ne1 Qh5 10. f4 e4 11. Nc2 Nbd7 12. a4 d5 13. N4e3 a5 14. b3 Ra6 15. Nd4 $1 Bc5 16. Ndxf5 Ng4 $1 $17 (16... Qxf5 17. d4 Bxd4 18. Qxd4 $18) 17. h3 Nxe3 (17... Rxf5 18. hxg4 Bxe3+ (18... Qxg4 $2 19. d4 $18) 19. Bxe3 Qxg4 20. dxe4 dxe4 21. Bf2 $11) (17... Qxf5 $17 18. hxg4 Bxe3+ 19. Bxe3 Qxg4 20. dxe4 dxe4) 18. Nxe3 $11 Bxe3+ {[%emt 0:00:53] This costs Black the game.} (18... d4 $11 {and Black stays safe.} 19. g4 Qh4) 19. Bxe3 $18 Nf6 {[%emt 0:00:40] [#]} 20. f5 $1 Bxf5 (20... Re8 21. g4) 21. g4 Nxg4 22. hxg4 Qxg4 {[%emt 0:00:03] [#]} 23. dxe4 $1 (23. Rf4 Qg3 24. Qd2 Rg6 $16) 23... Rg6 24. Rf2 Qxe4 (24... dxe4 25. Qd4 h6) 25. Qd4 Qe6 26. Raf1 h5 27. Bd2 {[%emt 0:04:59] Hoping for Qh4.} Kh7 $2 (27... Rff6 {is a better defense.}) 28. Qh4 {[%emt 0:02:55] Weighted Error Value: White=0.10 (very precise) /Black=0.35  Loses game:     	---       	Black=1      Mistake:       	White=1     	Black=3      Inaccurate:     	White=1     	Black=1      OK:         	White=7     	Black=9      Best:        	White=2     	---        Strong:       	White=2     	Black=1      Brilliant:      	White=1     	---} 1-0

[Event "Slovakian ECo-C Extraliga 2024-25"]
[Site "Slovakia"]
[Date "2025.01.19"]
[Round "4.8"]
[White "Stevik, Patrik"]
[Black "Teglas Balazs"]
[Result "1-0"]
[Annotator "TA"]
[ECO "D02"]
[WhiteElo "2314"]
[BlackElo "2109"]
[PlyCount "51"]
[EventDate "2024.09.12"]
[EventType "team-tourn"]
[EventCountry "SVK"]
[SourceTitle "playchess.com"]
[Source "ChessBase"]
[SourceQuality "1"]
[TimeControl "5400+30"]

1. Nf3 d5 2. g3 Nc6 3. d4 Bf5 4. Bg2 Nb4 5. Na3 e6 6. O-O Nf6 7. c3 {[%emt 0:03:36] D02: 1 d4 d5 2 Nf3 sidelines, including 2...Nf6 3 g3 and 2...Nf6 3 Bf4.} Nc6 8. Qb3 a6 9. c4 {[%emt 0:03:46] White is slightly better.} (9. Qxb7 $2 Na5 $19) 9... Be7 10. Bf4 $146 (10. Qxb7 $2 {perishes.} Na5 $19) (10. Bd2 Rb8 11. Rfd1 O-O 12. Rac1 Be4 13. Be1 dxc4 14. Nxc4 Qd5 15. Bc3 Qb5 16. Ncd2 Qxb3 17. Nxb3 {0-1 Wagh,S (2217)-Puranik,A (2611) Yerevan op-A 5th 2023 (1)}) 10... O-O 11. cxd5 Nxd5 12. Bd2 Ndb4 13. Bc3 Be4 14. Qd1 Qd5 15. Bxb4 (15. Nc4 $5) 15... Nxb4 (15... Bxb4 $15 16. Nc2 Be7) 16. Nb1 $11 Nxa2 {[%emt 0:15:04] [#]} 17. Rxa2 $1 Qxa2 18. Nc3 $1 Qxb2 19. Nxe4 Qa3 (19... Rac8 $11 {remains equal.}) 20. Qb1 {[%emt 0:01:46][%mdl 1024] White has strong compensation.} Rfb8 (20... a5 $142) 21. Ne5 {[%emt 0:01:08][%csl Oe5] Strong Square White (e5)} Qb4 {[%emt 0:00:24] [#] Black is weak on the light squares} 22. Qd3 Rd8 {[%emt 0:00:16] [#]} 23. e3 Rab8 24. Rb1 {[%emt 0:00:29] Inhibits c5. White has more active pieces.} Qa3 (24... Qa5 $142) 25. Qc2 $18 {[%emt 0:00:26][%cal Oe5c4] and Nc4! should not be overlooked} c6 $2 (25... Qa5 26. Nc5 Bxc5) 26. Nc4 {[%emt 0:00:11] Weighted Error Value: White=0.11 (very precise) /Black=0.55  Mistake:       	---       	Black=5      Inaccurate:     	White=3     	Black=1      OK:         	White=8     	Black=5      Best:        	White=3     	---} 1-0

[Event "Slovakian ECo-C Extraliga 2024-25"]
[Site "Slovakia"]
[Date "2025.01.19"]
[Round "4.8"]
[White "Cajka, Tibor"]
[Black "Sklars, Tomas"]
[Result "1-0"]
[Annotator "TA"]
[ECO "B50"]
[WhiteElo "2210"]
[BlackElo "1917"]
[PlyCount "73"]
[EventDate "2024.09.12"]
[EventType "team-tourn"]
[EventCountry "SVK"]
[SourceTitle "playchess.com"]
[Source "ChessBase"]
[SourceQuality "1"]
[TimeControl "5400+30"]

1. e4 c5 2. Nf3 d6 3. c3 Nf6 4. Be2 Nc6 5. d4 Qc7 (5... cxd4 $11 6. Nxd4 Nxe4) 6. d5 $16 Ne5 7. Nxe5 dxe5 8. Bg5 a6 9. Bxf6 exf6 {[%emt 0:01:23] Black is weak on the light squares} 10. Nd2 f5 11. O-O fxe4 12. Qa4+ Bd7 13. Qxe4 {[%emt 0:00:09] Hoping for f4.} f5 14. Qe3 (14. Qh4 $14 Be7 15. Bh5+ Kf8 16. Qh3) 14... Bd6 $11 15. Nc4 O-O 16. Nxd6 Qxd6 17. f4 e4 18. c4 b5 19. Qc3 Rfe8 20. b3 b4 21. Qb2 a5 22. a4 Ra6 23. Rae1 Qf6 24. Qxf6 Rxf6 25. Kf2 h6 26. Ke3 g5 (26... Ref8 $11 {keeps the balance.}) 27. g4 Ref8 {[%emt 0:07:35] [#]} (27... fxg4 $16 {keeps fighting.} 28. fxg5 Rg6 (28... Rxf1 29. Rxf1 hxg5 30. Rg1 $16)) 28. gxf5 $1 $18 Bxf5 (28... Rxf5 $142 29. fxg5 (29. Kxe4 Re8+ 30. Kd3 Rxf4 $15) 29... Rxg5 30. Rxf8+ (30. Kxe4 Bf5+ 31. Ke3 Kg7 $16) 30... Kxf8 31. Kxe4 Ke7) 29. Rg1 Rg6 {[%emt 0:00:51] [#]} 30. fxg5 $1 hxg5 31. Ref1 Rg7 32. Bg4 Rgf7 $2 (32... Bxg4 33. Rxf8+ Kxf8 34. Rxg4 Rh7 35. Kxe4 (35. Rxg5 Ke7 $18) 35... Ke7) 33. Bxf5 Rxf5 34. Rxf5 Rxf5 35. Kxe4 Rf4+ 36. Ke5 Rf3 37. Rg3 (37. Rxg5+ $142 Kh7 38. Rg3 Rf2 39. d6 Rxh2 40. Kd5 Rd2+ 41. Kc6 (41. Kxc5 Kh6 $18) 41... Rf2 42. d7 (42. Kxc5 Kh6 $18)) 1-0

[Event "Slovakian ECo-C Extraliga 2024-25"]
[Site "Slovakia"]
[Date "2025.01.19"]
[Round "4.8"]
[White "Vadila, Ondrej"]
[Black "Bombek, Peter"]
[Result "*"]
[Annotator "TA"]
[ECO "B22"]
[WhiteElo "2198"]
[BlackElo "2047"]
[PlyCount "31"]
[EventDate "2024.09.12"]
[EventType "team-tourn"]
[EventCountry "SVK"]
[SourceTitle "playchess.com"]
[Source "ChessBase"]
[SourceQuality "1"]
[TimeControl "5400+30"]

1. e4 c5 2. c3 d5 3. exd5 Qxd5 4. d4 g6 5. Nf3 {[%emt 0:00:47] B06: Modern Defence.} Bg7 6. Na3 {[%emt 0:01:26] and Bc4 would now be decisive  OK:         	White=1     	Black=2} cxd4 {[%emt 0:03:37] Weighted Error Value: White=0.00 (flawless) /Black=0.06 (flawless)} 7. Nb5 $146 Na6 8. Be3 Nf6 9. Qxd4 O-O 10. Be2 b6 11. O-O Bb7 12. Qh4 Qc6 13. Nbd4 Qc8 14. Bh6 Nc5 15. Rfe1 a6 16. Ne5 {½-½ Sadhwani,R (2641)-Nakamura,H (2780) FIDE Grand Swiss 2023 (2)} *

[Event "Slovakian ECo-C Extraliga 2024-25"]
[Site "Slovakia"]
[Date "2025.01.19"]
[Round "4.8"]
[White "Kasperek, Ryszard"]
[Black "Krak, Tomas"]
[Result "1-0"]
[Annotator "TA"]
[ECO "B85"]
[WhiteElo "2069"]
[BlackElo "2253"]
[PlyCount "69"]
[EventDate "2024.09.12"]
[EventType "team-tourn"]
[EventCountry "SVK"]
[SourceTitle "playchess.com"]
[Source "ChessBase"]
[SourceQuality "1"]
[TimeControl "5400+30"]

1. e4 c5 2. Nf3 d6 3. d4 cxd4 4. Nxd4 Nc6 5. Nc3 e6 6. Be3 a6 7. f4 Nf6 8. Be2 Qc7 9. O-O Bd7 10. a4 Be7 11. Nb3 b6 12. Kh1 Bc8 13. Bf3 Rb8 14. Qe2 Na5 $146 (14... Bb7 15. Qc4 Rc8 16. a5 b5 17. Qe2 O-O 18. Bb6 Qb8 19. g4 Rfe8 20. Qg2 Nb4 {1-0 Garcia Almaguer,J (2126)-Shapiro,D (2284) Titled Tuesday intern op 12th Dec Late blitz 2023 (7)}) 15. Nd2 O-O 16. g4 {[%emt 0:01:32] B85: Sicilian Scheveningen: 6 Be2 a6, lines with early Be3.} d5 17. exd5 Nxd5 18. Nxd5 {[%emt 0:00:32] The position is equal.} exd5 19. Bxd5 Qxc2 20. Bd4 Nc6 21. Bc3 Bb7 22. Qg2 {[%emt 0:02:55][%cal Od5e4] Strongly threatening Be4!.} (22. Rfc1 $5 Qg6 $8 (22... Nd4 $2 23. Qc4 $18) 23. Be4 $14) 22... Qg6 (22... Na5 $1 $11 {and Black stays safe.}) 23. Rad1 (23. f5 $142 Qd6 24. f6 (24. Nc4 Qxd5 25. Qxd5 Nb4 $14) 24... gxf6 (24... Bxf6 $2 25. Rxf6 $18) 25. Rf5 (25. Ne4 $2 Qxd5 26. Nxf6+ Bxf6 $19)) 23... Rbd8 {[%emt 0:04:31][%cal Od8d5] [#]} 24. f5 $1 Qh6 25. Bf3 (25. g5 $18 Bxg5 26. Ne4 Rxd5 27. Rxd5) 25... Rd3 (25... b5 $14) 26. Ne4 $36 {[%emt 0:00:43][%mdl 2048] Black is under strong pressure.} Rfd8 (26... Rxd1 $16 {is tougher.} 27. Rxd1 Bb4) 27. Rxd3 $18 {[%emt 0:00:23] White is clearly winning.} Rxd3 28. g5 Qh4 {[%emt 0:00:26] [#]} 29. Nf6+ $1 Kf8 {[%emt 0:02:00][%cal Od3f3] and ...Rxf3! would now be decisive} ({Reject} 29... Bxf6 30. gxf6 g5 31. Bxc6) 30. Bxc6 Rg3 31. Qe4 (31. Qxg3 Bxc6+ 32. Kg1 Bc5+ 33. Rf2 Qxg3+ 34. hxg3 gxf6 $11) 31... gxf6 32. Bxb7 (32. Qxh4 $2 {gets mated.} Bxc6+) 32... Rg4 (32... Qxe4+ $142 33. Bxe4 Rxg5) 33. Qe2 Qxg5 34. Bg2 Rxa4 35. Re1 {[%emt 0:00:47] Weighted Error Value: White=0.52/Black=1.02  Loses game:     	---       	Black=2      Mistake:       	White=2     	Black=2      Inaccurate:     	---       	Black=1      OK:         	White=9     	Black=8      Best:        	White=1     	Black=1      Strong:       	White=1     	---} 1-0

[Event "Slovakian ECo-C Extraliga 2024-25"]
[Site "Slovakia"]
[Date "2025.01.19"]
[Round "4.8"]
[White "Bombek, Peter"]
[Black "Vadila, Ondrej"]
[Result "1-0"]
[Annotator "TA"]
[ECO "B22"]
[WhiteElo "2047"]
[BlackElo "2198"]
[PlyCount "45"]
[EventDate "2024.09.12"]
[EventType "team-tourn"]
[EventCountry "SVK"]
[SourceTitle "playchess.com"]
[Source "ChessBase"]
[SourceQuality "1"]
[TimeControl "5400+30"]

1. e4 c5 2. c3 d5 3. exd5 Qxd5 4. d4 g6 5. Nf3 Bg7 6. Na3 cxd4 7. Bc4 Qd8 ({Black should try} 7... Qe4+ $11 8. Be3 Nh6 (8... dxe3 $2 {perishes.} 9. Bxf7+ Kxf7 10. Ng5+ Ke8 11. Nxe4 $18)) 8. Nb5 (8. cxd4 Nf6 $11) 8... Nf6 9. O-O ({But not} 9. cxd4 O-O $15) 9... O-O (9... Nc6 10. Nbxd4 Nxd4 11. Qxd4 Qxd4 12. Nxd4 O-O) 10. Qxd4 Nc6 11. Qh4 (11. Qxd8 {simplifies} Rxd8 12. Re1 Bf5 13. Bb3) 11... a6 12. Nbd4 Nxd4 13. Nxd4 b5 14. Be2 Bb7 15. Rd1 {[%emt 0:04:53][%cal Od4e6,Bf1d1,Bd1d3,Bd3f3][%mdl 32] and Ne6! should not be overlooked} Qc7 16. Bh6 e6 17. Rd3 Ne4 18. Bxg7 Kxg7 19. Bf3 Nf6 20. Bxb7 Qxb7 21. Rf3 Ng8 22. Re1 {[%emt 0:01:42][%cal Oe1e6] Black is weak on the dark squares} Qe7 $2 {[%emt 0:03:16] [#]} (22... Rae8 $11) 23. Nf5+ $1 1-0